 Dungeon Crawl Stone Soup version 0.31-a0-981-geadf994542 (webtiles) character file.

Game seed: 10550191603073554210

2525 sokol815 the Covert (level 9, 0/56 HPs)
             Began as an Octopode Fighter on Nov 1, 2023.
             Was an Initiate of Gozag.
             Slain by a sixfirhy (3 damage)
             ... on level 1 of the Abyss on Nov 2, 2023.
             The game lasted 00:13:25 (5914 turns).

sokol815 the Covert (Octopode Fighter)              Turns: 5914, Time: 00:13:26

Health: 0/56       AC:  1    Str: 18    XL:     9   Next: 54%
Magic:  13/13      EV: 28    Int: 14    God:    Gozag
Gold:   92         SH:  7    Dex: 11    Spells: 14/14 levels left

rFire   + + +        a - +3 dagger (speed)
rCold   + + .        z - +3 buckler "Epyr" {rF++}
rNeg    + . .        (helmet restricted)
rPois   +            G - amulet "Dados" {Acrobat rF+ Str+2 Stlth+}
rElec   +            B - ring of positive energy {rN+}
rCorr   +            C - ring of protection from cold {rC+, !d}
SInv    .            (no ring)
Will    .....        (no ring)
Stlth   +++++++      (no ring)
HPRegen 0.29/turn    (no ring)
MPRegen 0.13/turn    (no ring)
                     (no ring)

%: acrobat
@: resistant, acrobatic, hasted, very quick
A: almost no armour, amphibious, 8 rings, camouflage 1, gelatinous body 1,
(nimble swimmer 1), tentacles
a: Renounce Religion, Potion Petition, Call Merchant, Bribe Branch


You were on level 1 of the Abyss.
You worshipped Gozag.
Gozag was noncommittal.
You visited 2 branches of the dungeon, and saw 8 of its levels.
You visited the Abyss 1 time.

You collected 868 gold pieces.
You spent 108 gold pieces at shops.
You paid 668 gold pieces to Gozag.

Inventory:

Hand Weapons
 a - a +3 dagger of speed (weapon)
   (You took it off a kobold brigand on level 6 of the Dungeon)
 b - a +1 dagger of protection
   (You took it off a kobold on level 1 of the Dungeon)
 e - a +0 trident
 g - a +3 short sword
   (You took it off a kobold on level 6 of the Dungeon)
 h - a +2 falchion of electrocution
   (You took it off Robin on level 3 of the Dungeon)
 r - a +2 short sword of freezing
   (You took it off a kobold on level 3 of the Dungeon)
 w - a +1 dagger of venom
   (You took it off a kobold on level 4 of the Dungeon)
 x - a +0 dagger of protection
   (You took it off a kobold on level 4 of the Dungeon)
 y - a +0 short sword of holy wrath
   (You took it off a kobold on level 4 of the Dungeon)
 A - a +2 heavy sling
   (You took it off Joseph on level 7 of the Dungeon)
 F - a +2 mace of protection
   (You found it on level 7 of the Dungeon)
Missiles
 d - 5 javelins
 j - 6 boomerangs
 n - 16 poisoned darts
 s - 73 stones
 u - 2 throwing nets {!d}
Armour
 z - the +3 buckler "Epyr" (worn) {rF++}
   (You found it on level 5 of the Dungeon)

   rF++:      It greatly protects you from fire.
Magical Staves
 t - a staff of earth
   (You found it on level 3 of the Dungeon)
Jewellery
 i - an amulet of guardian spirit
   (You found it on level 2 of the Dungeon)
 B - a ring of positive energy (left tentacle) {rN+}
   (You found it on level 1 of the Dungeon)
 C - a ring of protection from cold (right tentacle) {rC+, !d}
   (You found it on level 6 of the Dungeon)
 G - the amulet "Dados" (around mantle) {Acrobat rF+ Str+2 Stlth+}
   (You bought it in a shop on level 7 of the Dungeon)

   [amulet of the acrobat]

   Acrobat:   It increases your evasion while moving and waiting.
   Str+2:     It affects your strength (+2).
   rF+:       It protects you from fire.
   Stlth+:    It makes you more stealthy.
Wands
 p - a wand of paralysis (1)
   (You took it off Ijyb on level 3 of the Dungeon)
 q - a wand of flame (7)
   (You took it off a gnoll sergeant on level 7 of the Dungeon)
Scrolls
 f - a scroll of fog {unknown}
 o - a scroll of revelation
 v - a scroll of enchant armour {unknown}
 Y - a scroll of teleportation {@r3}
Potions
 c - 2 potions of degeneration {!q}
 k - a potion of enlightenment
 m - 3 potions of attraction {!q}
 D - 2 potions of brilliance {unknown}
 E - a potion of cancellation {unknown}
 J - a potion of curing {@q1}
 U - a potion of mutation {!q}


   Skills:
 - Level 3.1 Fighting
 * Level 7.8 Short Blades
 - Level 2.4 Polearms
 - Level 3.1 Dodging
 * Level 11.2 Stealth
 - Level 3.0 Shields
 - Level 3.0 Spellcasting
 - Level 4.0 Evocations


You had 14 spell levels left.
You didn't know any spells.
Your spell library contained the following spells:

 Spells                   Type           Power      Damage    Failure   Level
 Kiss of Death            Conj/Necr      8%         2d6       26%         1
 Sublimation of Blood     Necr           2%         N/A       38%         2
 Call Canine Familiar     Summ           2%         N/A       63%         3
 Confusing Touch          Hex            2%         N/A       63%         3
 Sigil of Binding         Hex            2%         N/A       63%         3
 Dimensional Bullseye     Hex/Tloc       1%         N/A       95%         4
 Dispel Undead            Necr           2%         3d7       95%         4
 Leda's Liquefaction      Hex/Erth       1%         N/A       95%         4
 Petrify                  Tmut/Erth      2%         N/A       95%         4
 Irradiate                Conj/Tmut      1%         3d12      100%        5
 Conjure Ball Lightning   Conj/Air       1%         3x3d6     100%        6
 Discord                  Hex            1%         N/A       100%        8
 Disjunction              Tloc           1%         N/A       100%        8


Dungeon Overview and Level Annotations

Branches:
Dungeon (7/15) Zot: 26080  Temple (1/1) D:5 Zot: 5949

Altars:
Ashenzari
Cheibriados
Dithmenos
Elyvilon
Fedhas
Gozag
Hepliaklqana
Kikubaaqudgha
Makhleb
Nemelex Xobeh
Okawaru
Qazlal
Ru
Sif Muna
Trog
Uskayaw
Vehumet
Wu Jian
Xom
Yredelemnul
Zin
The Shining One

Shops:
D:6 *((:   D:7 *

Annotations:
D:3 Sigmund
D:5 exclusions: 2 doors and jelly
D:7 Maggie


Innate Abilities, Weirdness & Mutations

You cannot wear most types of armour.
You are amphibious.
You can wear up to eight rings at the same time.
Your skin changes colour to match your surroundings (Stealth+).
Your rubbery body absorbs attacks. (AC +1, EV +1)
((You are camouflaged when in or above water. (Stealth+)))
You have tentacles for arms and can constrict up to eight enemies at once.


Message History

b - a +3 dagger of speed (weapon)
Adjust to which letter? (? for menu, Esc to quit)
a - a +3 dagger of speed (weapon);
b - a +1 dagger of protection Maggie the Vainglorious comes into view.
She is wielding a +1 glaive of distortion and carrying a wand of paralysis.
Found a glowing golden altar of the Shining One.
Maggie shouts!
Maggie mumbles some strange words.
Maggie attempts to bespell you! You resist with almost no effort.
Maggie completely misses you. Maggie misses you.
You hit Maggie but do no damage. Your grab misses Maggie. You squeeze Maggie.
Maggie smiles, but it's obviously fake.
Maggie barely misses you.
You hit Maggie. Your grab misses Maggie. Your squeeze misses Maggie.
You hit Maggie. You grab Maggie. You constrict Maggie, but do no damage.
You hit Maggie but do no damage. You squeeze Maggie.
You constrict Maggie, but do no damage.
Maggie hits you with a +1 glaive of distortion!
Space warps around you.
You take 8 damage, and have 48/56 hp.
You hit Maggie but do no damage. You constrict Maggie. You hit Maggie.
You constrict Maggie, but do no damage. You block Maggie's attack.
You hit Maggie. You squeeze Maggie! You constrict Maggie, but do no damage.
You hit Maggie. You constrict Maggie.
Maggie hits you with a +1 glaive of distortion.
You lose your grip on Maggie.
You are cast into the Abyss!
This branch contains the abyssal rune of Zot.
You take 5 damage, and have 43/56 hp.
A chaos spawn comes into view.
You regained 8 hp, and now have 51/56 hp.
Health restored: 56 You enter the shallow water.
A small abomination comes into view.
A quasit comes into view.
The quasit gives a chilling moan.
A starcursed mass comes into view.
A sixfirhy comes into view.
You block the quasit's attack. The quasit barely misses you.
The quasit completely misses you. You block the sixfirhy's attack.
The sixfirhy hits you. The sixfirhy shocks you!
The sixfirhy closely misses you. x2
You take 15 damage, and have 41/56 hp.
MASSIVE DAMAGE!!
You barely miss the sixfirhy. Your grab misses the sixfirhy.
The quasit closely misses you. The quasit claws you.
The quasit barely misses you.
You take 1 damage, and have 40/56 hp.
You miss the sixfirhy. You grab the sixfirhy.
You constrict the sixfirhy, but do no damage.
You hit the sixfirhy. You constrict the sixfirhy.
The quasit bites you but does no damage.
The quasit claws you but does no damage.
The quasit claws you.
You take 1 damage, and have 39/56 hp.
You hit the sixfirhy but do no damage. You squeeze the sixfirhy.
You constrict the sixfirhy. You hit the sixfirhy. You constrict the sixfirhy.
The quasit misses you. The quasit closely misses you.
You block the quasit's attack.
You barely miss the sixfirhy. Your squeeze misses the sixfirhy.
You constrict the sixfirhy. You hit the sixfirhy. You constrict the sixfirhy.
The sixfirhy hits you! The sixfirhy shocks you! You block the quasit's attack.
The quasit claws you.
* * * LOW HITPOINT WARNING * * *
The quasit claws you.
* * * LOW HITPOINT WARNING * * *
The sixfirhy misses you.
You take 26 damage, and have 13/56 hp.
MASSIVE DAMAGE!!
You feel much better.
You constrict the sixfirhy. The sixfirhy hits you! The sixfirhy shocks you!
You block the sixfirhy's attack. The sixfirhy hits you!
* * * LOW HITPOINT WARNING * * *
The sixfirhy shocks you!
* * * LOW HITPOINT WARNING * * *
The quasit bites you but does no damage.
The quasit barely misses you. You block the quasit's attack.
The sixfirhy barely misses you.
You take 9 damage, and have 4/56 hp. [a] - 600 gold - haste and resistance [b] - 240 gold - brilliance and magic [c] - 425 gold - lignification, might and resistance Purchase which effect?
You no longer have enough gold to petition Gozag for potion effects.
You feel yourself speed up.
You feel protected.
You constrict the sixfirhy. The sixfirhy barely misses you.
You block the sixfirhy's attack. The quasit barely misses you.
You block the quasit's attack. The quasit barely misses you. x2
You block the quasit's attack. The quasit barely misses you.
You release your grip on the sixfirhy.
The quasit completely misses you. The quasit misses you.
The quasit completely misses you. You block the sixfirhy's attack.
The sixfirhy attacks as it pursues you! The sixfirhy completely misses you.
The sixfirhy misses you. The sixfirhy hits you.
* * * LOW HITPOINT WARNING * * *
The sixfirhy shocks you. You resist.
You die...
Your body crumbles into a pile of gold.

#. ~~♣~~##
#. ≈♣♣~# ##
≈~~5♣ .. ..
♣~~ . #
#..~~~~##.##
#~≈≈.#.#.##
#
####.#.#.##
.##.....#
#..##@###
.##.#3..##
#....#5#.#
#....##.#.##
.#...#....#
###....#.#
#.#..###.#
....## #.
#.... .#


You could see a sixfirhy and a quasit.

Vanquished Creatures
  Joseph (D:7)
  Prince Ribbit (D:6)
  A steam dragon (D:7)
  2 black bears (D:5)
  3 ice beasts
  A sky beast (D:7)
  2 centaurs (D:7)
  A kobold brigand (D:6)
  3 bullfrogs (D:7)
  A gnoll sergeant (D:6)
  A scorpion (D:4)
  4 hounds
  4 sleepcaps
  Terence (D:3)
  An iguana (D:4)
  An orc wizard (D:6)
  Ijyb (D:3)
  Robin (D:3)
  6 gnolls
  5 adders
  A shadow imp (D:5)
  A white imp (D:6)
  2 ufetubi (D:6)
  A worm (D:2)
  2 dart slugs
  5 orcs
  5 ball pythons
  5 endoplasms
  3 giant cockroaches (D:4)
  11 goblins
  10 hobgoblins
  5 jackals
  17 kobolds
  3 quokkas
  6 bats
  3 frilled lizards
  8 rats
129 creatures vanquished.

Vanquished Creatures (collateral kills)
  A sky beast (D:7)
  A gnoll sergeant (D:7)
  A sleepcap (D:7)
  3 gnolls (D:7)
6 creatures vanquished.

Grand Total: 135 creatures vanquished

Notes
Turn   | Place    | Note
-------+----------+-------------------------------------------
     0 | D:1      | sokol815 the Octopode Fighter began the quest for the Orb.
     0 | D:1      | Reached XP level 1. HP: 16/16 MP: 1/1
   285 | D:1      | Reached XP level 2. HP: 21/21 MP: 2/2
   425 | D:1      | Reached skill level 1 in Stealth
   793 | D:2      | Reached skill level 1 in Short Blades
   796 | D:2      | Reached XP level 3. HP: 26/26 MP: 3/3
  1073 | D:2      | Reached skill level 2 in Stealth
  1556 | D:3      | Noticed Terence
  1583 | D:3      | Killed Terence
  1584 | D:3      | Reached skill level 2 in Short Blades
  1584 | D:3      | Reached skill level 3 in Stealth
  1584 | D:3      | Reached XP level 4. HP: 26/31 MP: 2/4
  1625 | D:3      | Noticed Ijyb
  1632 | D:3      | Killed Ijyb
  1847 | D:3      | Noticed Sigmund
  1999 | D:3      | Noticed Robin
  2016 | D:3      | Reached XP level 5. HP: 18/36 MP: 3/5
  2028 | D:3      | HP: 3/36 [Robin/+2 falchion of electrocution (13)]
  2031 | D:3      | Killed Robin
  2032 | D:3      | Reached skill level 4 in Stealth
  2209 | D:3      | Found an iron altar of Okawaru.
  2210 | D:3      | Found a burning altar of Makhleb.
  2326 | D:4      | Reached skill level 3 in Short Blades
  2493 | D:4      | Reached skill level 1 in Spellcasting
  2493 | D:4      | Reached XP level 6. HP: 29/42 MP: 5/7
  2715 | D:4      | Reached skill level 1 in Evocations
  2721 | D:4      | Reached skill level 5 in Stealth
  2776 | D:5      | Entered Level 5 of the Dungeon
  2898 | D:5      | Found a staircase to the Ecumenical Temple.
  2907 | Temple   | Entered the Ecumenical Temple
  2935 | Temple   | Became a worshipper of Gozag Ym Sagoz the Greedy
  3060 | D:5      | Noticed a black bear
  3071 | D:5      | Killed a black bear
  3177 | D:5      | Noticed an ice beast
  3178 | D:5      | Noticed a black bear
  3191 | D:5      | Killed an ice beast
  3192 | D:5      | Reached skill level 4 in Short Blades
  3192 | D:5      | Reached skill level 2 in Spellcasting
  3192 | D:5      | Reached skill level 2 in Evocations
  3192 | D:5      | Reached XP level 7. HP: 39/46 MP: 7/10
  3194 | D:5      | Reached skill level 6 in Stealth
  3198 | D:5      | Identified the +3 buckler "Epyr" {rF++}
  3389 | D:5      | Noticed a hornet
  3854 | D:6      | Found a sacrificial altar of Ru.
  3860 | D:6      | Reached skill level 3 in Evocations
  4053 | D:6      | Reached skill level 3 in Spellcasting
  4053 | D:6      | Reached XP level 8. HP: 47/52 MP: 9/12
  4212 | D:6      | Reached skill level 7 in Stealth
  4243 | D:6      | Reached skill level 5 in Short Blades
  4491 | D:6      | Found a broken altar of Ashenzari.
  4726 | D:6      | Found Meothru's Weapon Shoppe.
  4728 | D:6      | Found Hyrgh's Assorted Antiques.
  4734 | D:6      | Found Core's Antique Weapon Shoppe.
  4734 | D:6      | Found Figipt's Book Shoppe.
  4736 | D:6      | Bought a scroll labelled ZUOFOXT AS ITU for 23 gold pieces
  4906 | D:7      | Reached skill level 4 in Evocations
  4944 | D:7      | Noticed Joseph
  4959 | D:7      | Killed Joseph
  4960 | D:7      | Reached skill level 6 in Short Blades
  4960 | D:7      | Reached skill level 8 in Stealth
  5043 | D:7      | Reached skill level 9 in Stealth
  5067 | D:7      | HP: 13/52 [gnoll sergeant/+0 trident (6)]
  5069 | D:7      | Reached XP level 9. HP: 14/56 MP: 3/13
  5089 | D:7      | Reached skill level 10 in Stealth
  5212 | D:7      | Found a basalt altar of Yredelemnul.
  5245 | D:7      | Noticed Prince Ribbit
  5260 | D:7      | Reached skill level 7 in Short Blades
  5285 | D:6      | Killed Prince Ribbit
  5405 | D:7      | Found a glowing silver altar of Zin.
  5572 | D:7      | Reached skill level 11 in Stealth
  5741 | D:7      | Found Wiarinoo's Assorted Antiques.
  5744 | D:7      | Bought a glittering tin amulet for 85 gold pieces
  5744 | D:7      | Identified the amulet "Dados" {Acrobat rF+ Str+2 Stlth+}
                  | (You bought it in a shop on level 7 of the Dungeon)
  5798 | D:7      | Found a glowing golden altar of the Shining One.
  5798 | D:7      | Noticed Maggie
  5808 | Abyss:1  | Cast into level 1 of the Abyss (Maggie)
  5879 | Abyss:1  | Noticed a black draconian
  5893 | Abyss:1  | Noticed a starcursed mass
  5896 | Abyss:1  | Noticed a sixfirhy
  5907 | Abyss:1  | HP: 13/56 [quasit (2)]
  5908 | Abyss:1  | HP: 4/56 [sixfirhy (10)]
  5914 | Abyss:1  | HP: 3/56 [sixfirhy (2)]
  5914 | Abyss:1  | Slain by a sixfirhy

Illustrated notes

Levels and vault maps discovered:
D:1:      dpeg_arrival_round_a, layout_loops_cross
D:2:      layout_basic
D:3:      layout_basic, gammafunk_temple_overflow_statue, st_stairs_14,
          grunt_ministairs_12, uniq_terence, uniq_robin, uniq_ijyb, uniq_sigmund
D:4:      layout_rooms
D:5:      layout_basic, minmay_temple_entry_grid
D:6:      layout_basic, nicolae_ru_great_annihilating_truth,
          mainiacjoe_overflow_alcove_1, minmay_shop_grid_forest,
          minmay_misc_feat_x, chequers_avenue
D:7:      layout_basic, nicolae_tso_swordbearing_angel,
          mainiacjoe_overflow_small_starburst, lemuel_round_altar, serial_shops,
          nicolae_shop_behind_doors, hellmonk_no_cap, uniq_crazy_yiuf_cottage,
          uniq_joseph, uniq_maggie, uniq_prince_ribbit1
Temple:   nicolae_temple_bog_church
Abyss:1:  base:
D:3

Skill      XL: |  1  2  3  4  5  6  7  8  9 |
---------------+----------------------------+-----
Stealth        | 1 3 4 5 6 9 11 | 11.2
Short Blades   | 1 2 3 4 6 7 |  7.8
Spellcasting   | 1 2 3 |  3.0
Evocations     | 2 3 4 |  4.0
Fighting       | |  3.1
Polearms       | |  2.4
Dodging        | |  3.1
Shields        | |  3.0

Action                     |  1- 3 |  4- 6 |  7- 9 || total
---------------------------+-------+-------+-------++-------
  Melee: Trident           |    22 |       |       ||    22
         Constrict         |    13 |    33 |    35 ||    81
         Dagger            |    58 |   128 |   257 ||   443
         Tentacles         |    15 |    26 |    80 ||   121
         Punch             |     2 |     3 |     7 ||    12
 Invoke: Potion Petition   |       |       |     1 ||     1
  Evoke: Wand              |       |     1 |       ||     1
    Use: Scroll            |     3 |     4 |     8 ||    15
         Potion            |       |     1 |     2 ||     3
   Stab: Sleeping          |    14 |     7 |     6 ||    27
         Distracted        |       |     1 |       ||     1
         Paralysed         |       |     1 |       ||     1
 Armour: Skin              |    22 |    66 |   125 ||   213
  Dodge: Dodged            |    29 |    40 |   120 ||   189
  Block: Buckler           |     6 |    20 |    90 ||   116

Table legend: (Time is in decaauts)
 A = Elapsed time spent in this place.
 B = Non-inter-level travel time spent in this place.
 C = Inter-level travel time spent in this place.
 D = Time resting spent in this place.
 E = Time spent auto-exploring this place.
 F = Levels seen in this place.
 G = Mean time per level.
                   A        B        C        D        E       F      G
               +--------+--------+--------+--------+--------+-----+--------+
         Total |   5832 |   5614 |    218 |    319 |   4121 |   9 |  648.0 |
       Dungeon |   5681 |   5513 |    168 |    319 |   4096 |   7 |  811.6 |
        Temple |     50 |      1 |     49 |      0 |      0 |   1 |   50.0 |
         Abyss |    100 |    100 |      0 |      0 |     25 |   1 |  100.0 |
               +--------+--------+--------+--------+--------+-----+--------+

Top non-repeatable levels by time:
     D:6: 1247 daAuts
     D:5: 873 daAuts
     D:3: 796 daAuts
     D:7: 791 daAuts
     D:1: 781 daAuts
     D:2: 741 daAuts
     D:4: 448 daAuts
 Abyss:1: 100 daAuts
  Temple: 50 daAuts

Levels and vault maps discovered:
D:1:      dpeg_arrival_round_a, layout_loops_cross
D:2:      layout_basic
D:3:      layout_basic, gammafunk_temple_overflow_statue, st_stairs_14,
          grunt_ministairs_12, uniq_terence, uniq_robin, uniq_ijyb, uniq_sigmund
D:4:      layout_rooms
D:5:      layout_basic, minmay_temple_entry_grid
D:6:      layout_basic, nicolae_ru_great_annihilating_truth,
          mainiacjoe_overflow_alcove_1, minmay_shop_grid_forest,
          minmay_misc_feat_x, chequers_avenue
D:7:      layout_basic, nicolae_tso_swordbearing_angel,
          mainiacjoe_overflow_small_starburst, lemuel_round_altar, serial_shops,
          nicolae_shop_behind_doors, hellmonk_no_cap, uniq_crazy_yiuf_cottage,
          uniq_joseph, uniq_maggie, uniq_prince_ribbit1
Temple:   nicolae_temple_bog_church
Abyss:1:  base:
D:3

Table legend: (Time is in decaauts)
 A = Elapsed time spent in this place.
 B = Non-inter-level travel time spent in this place.
 C = Inter-level travel time spent in this place.
 D = Time resting spent in this place.
 E = Time spent auto-exploring this place.
 F = Levels seen in this place.
 G = Mean time per level.
                   A        B        C        D        E       F      G
               +--------+--------+--------+--------+--------+-----+--------+
         Total |   5832 |   5614 |    218 |    319 |   4121 |   9 |  648.0 |
       Dungeon |   5681 |   5513 |    168 |    319 |   4096 |   7 |  811.6 |
        Temple |     50 |      1 |     49 |      0 |      0 |   1 |   50.0 |
         Abyss |    100 |    100 |      0 |      0 |     25 |   1 |  100.0 |
               +--------+--------+--------+--------+--------+-----+--------+

Top non-repeatable levels by time:
     D:6: 1247 daAuts
     D:5: 873 daAuts
     D:3: 796 daAuts
     D:7: 791 daAuts
     D:1: 781 daAuts
     D:2: 741 daAuts
     D:4: 448 daAuts
 Abyss:1: 100 daAuts
  Temple: 50 daAuts

Table legend:
 A = Kills in this place as a percentage of kills in the entire game.
 B = Kills by you in this place as a percentage of kills by you in the entire game.
 C = Kills by friends in this place as a percentage of kills by friends in the entire game.
 D = Other kills in this place as a percentage of other kills in the entire game.
 E = Experience gained in this place as a percentage of experience gained in the entire game.
 F = Experience gained in this place divided by the number of levels of this place that you have seen.
                   A       B       C       D       E      F
               +-------+-------+-------+-------+-------+----------------------
         Total | 100.0 | 100.0 | 100.0 |   N/A | 100.0 | 400.9
       Dungeon | 100.0 | 100.0 | 100.0 |   N/A | 100.0 | 515.4
               +-------+-------+-------+-------+-------+----------------------
